Map: Kairos Junction LE

Players

MaSa - Winner!

  • Race: Terran Terran
  • Spawn Location: 5:00

Kas

  • Race: Terran Terran
  • Spawn Location: 11:00

Event: 2019 WCS Spring

VOD

Have the link to the VOD?

Description

Time

  • Played on: May 17, 2019, 3:59 p.m.
  • Length: 14:05

All games in this series

Show
View Real Time Build Order
Export as new Build Order

MaSa Terran - Winner!

Build Orders:  

Get SALT Encoding   

  12  0:00  SCV  
  13  0:12  SCV  
  14  0:17  Supply Depot  
  14  0:24  SCV  
  14  0:27  Refinery  
  15  0:39  SCV  
  16  0:44  Barracks  
  16  0:51  SCV  
  16  0:55  Refinery  
  17  1:03  SCV  
  18  1:15  SCV  
  19  1:31  Orbital Command  
  19  1:33  Factory  
  19  1:34  Reaper  
  20  1:44  Supply Depot  
  20  1:57  SCV  
  21  2:06  Reaper  
  22  2:09  SCV  
  23  2:17  Hellion  
  23  2:21  SCV  
  26  2:28  Command Center  
  26  2:38  Reaper  
  26  2:42  SCV, Hellion  
  30  2:55  SCV  
  30  2:57  Starport  
  31  3:06  Factory Tech Lab  
  31  3:14  Barracks Reactor  
  31  3:17  Refinery  
  31  3:27  SCV  
  31  3:38  Starport Tech Lab  
  31  3:39  Cyclone  
  31  3:40  SCV, Orbital Command  
  33  3:50  Marine x2  
  33  3:52  SCV  
  33  3:55  Refinery  
  36  3:57  Raven  
  36  4:01  Supply Depot  
  38  4:04  SCV  
  38  4:06  SCV  
  38  4:08  Marine x2  
  42  4:11  Cyclone  
  42  4:16  SCV  
  46  4:22  SCV  
  46  4:24  Supply Depot  
  47  4:26  Marine x2  
  47  4:28  SCV  
  50  4:32  Supply Depot  
  50  4:34  SCV  
  51  4:40  SCV  
  51  4:42  Raven  
  51  4:45  Marine x2  
  54  4:46  SCV  
  54  4:49  Siege Tank  
  54  4:51  Supply Depot  
  54  4:52  SCV  
  61  4:58  SCV  
  62  5:04  SCV  
  63  5:11  SCV  
  62  5:16  SCV  
  62  5:18  Command Center  
  63  5:23  SCV  
  63  5:24  Siege Tank  
  67  5:28  SCV  
  67  5:32  Marine  
  67  5:33  Stimpack  
  67  5:35  SCV, Supply Depot  
  70  5:40  Viking  
  70  5:41  SCV  
  73  5:44  Viking  
  73  5:47  SCV  
  76  5:53  SCV  
  75  6:02  SCV  
  73  6:06  SCV, Siege Tank  
  73  6:10  Viking  
  79  6:14  Viking  
  79  6:16  SCV  
  77  6:19  SCV  
  77  6:21  Marine  
  77  6:24  Engineering Bay  
  77  6:25  Engineering Bay  
  77  6:33  Orbital Command  
  77  6:34  SCV, Barracks x2  
  77  6:37  SCV  
  79  6:40  Viking  
  79  6:42  Marine  
  79  6:44  Viking  
  79  6:47  SCV  
  85  6:49  SCV  
  85  6:52  Siege Tank  
  89  6:54  Terran Infantry Weapons Level 1  
  89  6:55  Terran Infantry Armor Level 1  
  89  6:58  Supply Depot  
  89  6:59  SCV  
  89  7:01  SCV, Orbital Command  
  91  7:04  Supply Depot  
  91  7:09  Marine  
  91  7:10  Viking  
  91  7:11  SCV  
  91  7:14  SCV  
  94  7:23  SCV  
  94  7:25  Siege Tank  
  94  7:26  SCV  
  94  7:27  Barracks Reactor  
  94  7:28  Marine, Barracks Reactor  
  100  7:32  SCV, Barracks  
  100  7:33  Barracks  
  100  7:36  Viking  
  103  7:38  SCV  
  103  7:41  SCV  
  105  7:46  Marine  
  105  7:49  SCV  
  105  7:51  Viking  
  106  7:52  SCV  
  106  7:57  Siege Tank  
  104  7:59  Combat Shield  
  104  8:00  SCV  
  104  8:03  Marine  
  104  8:04  Marine x2  
  104  8:05  SCV  
  103  8:06  Viking  
  103  8:08  Marine  
  103  8:09  Refinery  
  103  8:10  Refinery  
  104  8:13  SCV x2  
  104  8:19  Marine  
  106  8:20  Barracks Tech Lab x2  
  106  8:21  Viking  
  106  8:22  Marine x2  
  106  8:23  SCV, Marine  
  106  8:26  Marine  
  113  8:28  Supply Depot  
  113  8:29  Supply Depot  
  113  8:36  Viking  
  113  8:37  Marine  
  113  8:38  Siege Tank  
  113  8:40  Marine  
  117  8:42  Concussive Shells, Supply Depot  
  117  8:48  Armory  
  117  8:49  Marine x3  
  117  8:50  Marauder  
  117  8:52  Viking  
  124  9:02  SCV  
  125  9:04  Marauder, Supply Depot  
  125  9:07  Viking  
  125  9:09  Marine  
  130  9:13  Command Center  
  130  9:15  Marauder x2  
  132  9:26  Marauder  
  132  9:29  Marine x2  
  132  9:30  Medivac, Marine  
  138  9:36  Marauder  
  138  9:37  Medivac, Marine  
  138  9:38  Marauder  
  138  9:42  Supply Depot  
  138  9:43  Supply Depot  
  138  9:47  Marine  
  138  9:49  Barracks x2  
  135  9:53  Barracks  
  135  9:55  Marine x2  
  135  9:56  Marine  
  145  10:01  Terran Infantry Weapons Level 2, Terran Infantry Armor Level 2  
  145  10:02  Missile Turret  
  138  10:10  Marauder, Marine x2  
  136  10:16  Marauder, Marine x3  
  132  10:21  Medivac  
  132  10:27  Marine  
  124  10:28  Marauder  
  124  10:32  Marauder  
  124  10:34  Orbital Command, Marine x3  
  120  10:36  Medivac  
  120  10:38  Marauder  
  124  10:45  Marine  
  127  10:50  Marauder  
  127  10:52  Siege Tank, Marine x2  
  127  10:53  Marauder, Barracks Reactor, Barracks Tech Lab x2  
  127  10:54  Medivac  
  136  10:58  Refinery  
  136  10:59  Marauder  
  136  11:02  Marine  
  136  11:03  Marine  
  140  11:11  Marauder x2, Marine  
  138  11:13  Medivac  
  138  11:14  Marauder  
  141  11:19  Marauder, Marine  
  141  11:20  Marine  
  141  11:21  Marauder  
  141  11:24  Medivac, Siege Tank  
  141  11:25  Marine  
  153  11:29  Marine  
  153  11:32  Marauder  
  158  11:33  Marauder  
  158  11:34  Marine x2  
  158  11:36  Marine x2  
  158  11:37  Marine  
  158  11:40  Marine  
  158  11:41  Missile Turret, Marine  
  158  11:42  Marine  
  158  11:43  Medivac  
  158  11:44  SCV x2  
  158  11:45  SCV x2  
  158  11:46  Marine  
  166  11:52  Marine  
  166  11:54  Marauder x2  
  168  11:56  SCV x2  
  168  11:58  Marauder, Marine x3  
  168  11:59  Marauder  
  177  12:04  Starport  
  177  12:11  Marauder, Marine  
  177  12:13  Marine x2  
  177  12:15  Marine  
  180  12:19  Marauder, Supply Depot, Marine  
  180  12:20  Supply Depot  
  176  12:23  Viking  
  176  12:29  Marauder, Marine  
  162  12:38  Marine  
  162  12:39  Marauder x2, Marine  
  160  12:49  Marauder x2, Marine x4  
  160  12:50  Siege Tank  
  151  12:57  Medivac  
  147  12:59  Marine  
  147  13:00  Marauder, Command Center, Marine  
  148  13:06  Marine  
  148  13:07  Marauder, Marine x2  
  148  13:10  Marine  
  148  13:11  Marauder  
  133  13:31  Marauder x2, Marine x4  
  134  13:37  Marauder, Marine x3  
  134  13:39  SCV x2  
  134  13:41  Marine  
  137  13:45  Starport Reactor  
Show
View Real Time Build Order
Export as new Build Order

Kas Terran 

Build Orders: Gas First Reaper Expand, Mech 

Get SALT Encoding   

  12  0:00  SCV  
  13  0:12  SCV  
  14  0:17  Supply Depot  
  14  0:24  SCV  
  15  0:29  Refinery  
  15  0:38  SCV  
  16  0:44  Barracks  
  16  0:50  SCV  
  17  1:02  SCV  
  18  1:15  SCV  
  19  1:30  Orbital Command  
  19  1:31  Reaper  
  20  1:44  Command Center  
  20  1:55  Factory  
  20  1:58  SCV  
  21  2:07  Barracks Reactor  
  21  2:09  Supply Depot  
  21  2:12  SCV  
  22  2:16  Refinery  
  22  2:25  SCV  
  22  2:42  Factory Tech Lab  
  22  2:45  Marine x2  
  24  2:51  SCV  
  25  3:01  Cyclone  
  25  3:03  Marine  
  28  3:08  SCV  
  29  3:16  Command Center  
  26  3:34  Orbital Command  
  26  3:37  SCV  
  26  3:39  Starport  
  26  3:42  Siege Tank  
  26  3:45  Barracks Tech Lab  
  29  3:51  SCV  
  30  3:59  Refinery  
  30  4:02  SCV  
  31  4:03  SCV  
  32  4:14  SCV, Siege Tank  
  32  4:16  SCV, Marine  
  38  4:17  Marine  
  39  4:26  SCV  
  39  4:28  Orbital Command  
  39  4:30  SCV  
  41  4:34  Raven  
  41  4:38  SCV  
  44  4:39  Marine x2  
  44  4:45  SCV  
  47  4:50  SCV  
  48  4:53  SCV  
  48  4:55  Siege Tank  
  48  4:57  SCV  
  48  4:59  Refinery  
  53  5:01  Supply Depot  
  53  5:03  Marine  
  53  5:04  Marine  
  53  5:06  SCV  
  56  5:08  SCV  
  56  5:14  SCV  
  56  5:20  SCV  
  58  5:23  Supply Depot  
  58  5:27  SCV  
  58  5:31  Viking x2  
  58  5:32  SCV  
  58  5:33  Siege Tank  
  66  5:40  Supply Depot  
  66  5:41  SCV  
  67  5:44  SCV  
  67  5:49  Factory, Supply Depot  
  68  5:50  Barracks Reactor  
  68  5:51  SCV  
  65  6:05  SCV x2, Viking x2  
  65  6:07  Siege Tank  
  65  6:08  SCV  
  75  6:15  Orbital Command  
  71  6:20  SCV  
  71  6:23  Armory  
  71  6:25  SCV  
  73  6:26  Supply Depot  
  73  6:29  Supply Depot  
  73  6:33  SCV  
  73  6:36  Armory  
  74  6:42  SCV  
  74  6:43  Factory  
  74  6:45  SCV x2  
  77  6:47  Liberator  
  77  6:50  Siege Tank  
  80  6:54  SCV  
  80  6:57  Viking, SCV  
  80  6:58  SCV  
  85  7:06  SCV  
  85  7:07  Supply Depot  
  89  7:10  SCV x2  
  89  7:11  Supply Depot  
  89  7:18  Hellion x2  
  89  7:20  SCV  
  89  7:22  SCV, Terran Vehicle Weapons Level 1  
  94  7:24  Terran Vehicle And Ship Armor Level 1  
  94  7:30  Supply Depot  
  94  7:35  SCV x2  
  94  7:37  Refinery  
  96  7:38  SCV, Liberator  
  96  7:41  Hellion x2, Engineering Bay, Refinery  
  96  7:43  Siege Tank, Supply Depot  
  99  7:59  Hellion  
  99  8:02  Hellion  
  99  8:05  SCV x2, Supply Depot  
  105  8:06  Supply Depot  
  102  8:16  SCV  
  102  8:17  SCV  
  102  8:18  Siege Tank  
  102  8:19  Viking  
  106  8:21  Supply Depot  
  106  8:25  SCV  
  104  8:34  Command Center  
  104  8:40  Viking  
  106  8:44  SCV x2  
  106  8:45  SCV  
  106  8:47  Sensor Tower  
  109  8:49  Viking  
  109  8:50  Siege Tank  
  114  8:56  SCV x2, Liberator  
  114  8:58  SCV  
  114  8:59  Missile Turret x2  
  117  9:04  Missile Turret x2, Supply Depot  
  117  9:05  Missile Turret, Siege Tank  
  117  9:06  Infernal Pre-Igniter, Missile Turret  
  117  9:07  Hellion x2  
  117  9:08  SCV x2  
  126  9:21  Factory  
  126  9:22  Viking, Factory  
  113  9:36  Siege Tank  
  113  9:37  Hellion, Siege Tank  
  102  9:51  SCV  
  102  9:52  Orbital Command  
  102  9:56  SCV  
  103  10:03  SCV  
  102  10:08  SCV  
  102  10:09  Siege Tank  
  102  10:12  Siege Tank  
  108  10:14  Orbital Command  
  108  10:15  SCV  
  108  10:19  Hellion  
  108  10:20  Hellion  
  101  10:26  SCV x2  
  94  10:39  Orbital Command  
  94  10:41  Siege Tank  
  94  10:42  Terran Vehicle Weapons Level 2  
  97  10:44  Hellion x2  
  97  10:45  Siege Tank  
  97  10:46  Hellion x2  
  97  10:47  SCV x2  
  97  10:49  Sensor Tower  
  110  10:51  Refinery  
  110  10:57  SCV  
  111  10:59  SCV  
  111  11:03  Missile Turret  
  111  11:04  Viking x2, Supply Depot  
  116  11:06  Starport  
  116  11:08  Hellion x2  
  117  11:18  Hellion x2, Siege Tank  
  124  11:22  SCV x2  
  124  11:25  SCV x2  
  128  11:26  Supply Depot  
  128  11:27  Supply Depot  
  128  11:29  Hellion x2  
  132  11:34  SCV x2  
  132  11:36  Missile Turret  
  132  11:38  Missile Turret  
  132  11:47  Viking  
  132  11:48  Starport Reactor  
  132  11:50  Siege Tank x2  
  132  11:51  Hellion  
  139  11:55  SCV  
  140  12:04  Orbital Command  
  140  12:05  Factory Reactor, Factory Tech Lab  
  140  12:22  Siege Tank x2  
  140  12:28  Siege Tank  
  140  12:29  Hellion x2  
  136  12:34  SCV  
  136  12:35  SCV x2  
  136  12:36  SCV  
  114  12:54  Siege Tank x2  
  114  12:56  Hellion x2  
  110  13:00  Siege Tank  
  110  13:11  Hellion x2  
  110  13:12  Viking x4  
  100  13:25  Hellion x2  
  100  13:26  Siege Tank  
  100  13:27  Siege Tank  
  112  13:32  Hellion x2, Siege Tank  
Tags
 
Add a new tag
Caveats
  • Supply blocks, unpowered buildings, or Contaminate may cause inaccurate times.
  • Supply counts are checked every 10 seconds.